 Dungeon Crawl Stone Soup version 0.20.1-1-g8b1a95d (webtiles) character file.

39 markt42 the Covered (level 3, -6/24 HPs)
             Began as a Gargoyle Fighter on Oct 7, 2017.
             Was an Initiate of Okawaru.
             Splashed by a jelly's acid (10 damage)
             ... on level 1 of the Dungeon.
             The game lasted 00:01:06 (1029 turns).

markt42 the Covered (Gargoyle Fighter)              Turns: 1029, Time: 00:01:08

Health: -6/24      AC:  6    Str: 19    XL:     3   Next: 47%
Magic:  3/3        EV:  3    Int:  8    God:    Okawaru [......]
Gold:   24         SH:  9    Dex: 10    Spells: 2/2 levels left

rFire    . . .     SeeInvis .   a - +0 flail
rCold    . . .     Gourm    .   c - +0 shield
rNeg     + . .     Faith    .   h - +0 plate armour
rPois    ∞         Spirit   .   (no helmet)
rElec    +         Reflect  .   (no cloak)
rCorr    .         Harm     .   (no gloves)
MR       .....                  (no boots)
Stlth    ..........             (no amulet)
Regen    0.1/turn               (no ring)
MPRegen  0.1/turn               (no ring)

@: corroded
A: negative energy resistance 1, electricity resistance, unbreathing,
petrification resistance, rot immunity, AC +3
a: Renounce Religion


You were on level 1 of the Dungeon.
You worshipped Okawaru.
Okawaru was noncommittal.
You were hungry.

You visited 1 branch of the dungeon, and saw 1 of its levels.

You collected 24 gold pieces.

Inventory:

Hand Weapons
 a - a +0 flail (weapon)
Armour
 c - a +0 shield (worn)
 h - a +0 plate armour (worn)
Scrolls
 b - 2 scrolls of teleportation {unknown}
 i - a scroll of fear {unknown}
 j - a scroll of recharging {unknown}
 k - 3 scrolls of identify {unknown}
 l - a scroll of blinking {unknown}
Potions
 d - a potion of might
 e - a potion of agility {unknown}
Comestibles
 f - a bread ration
 g - a meat ration


   Skills:
 + Level 3.7 Fighting
 * Level 2.6 Maces & Flails
 * Level 3.8 Armour
 + Level 3.5 Shields


You had 2 spell levels left.
You didn't know any spells.

Dungeon Overview and Level Annotations

Branches:
Dungeon (1/15)

Altars:
Okawaru


Innate Abilities, Weirdness & Mutations

You are resistant to torment.
Your stone body is resilient. (AC +3)
You are immune to poison.
You resist negative energy. (rN+)
You are resistant to electric shocks. (rElec)
You can survive without breathing.
You are immune to petrification.
You are immune to rotting.


Message History

You are too injured to fight recklessly!
You are too injured to fight recklessly!
You are too injured to fight recklessly!
You are too injured to fight recklessly!
You are too injured to fight recklessly!
Okay, then.
You hit the jelly but do no damage.
Your hands burn!
The jelly is severely wounded.
The jelly barely misses you.
You hit the jelly but do no damage.
Your hands burn!
* * * LOW HITPOINT WARNING * * *
The jelly is severely wounded.
The jelly hits you but does no damage.
You hit the jelly.
Your hands burn!
* * * LOW HITPOINT WARNING * * *
The jelly is severely wounded.
You block the jelly's attack. The jelly hits you.
* * * LOW HITPOINT WARNING * * *
You are splashed with acid!
The acid burns!
You die...

.............((...)..#.#..#...###
.###+#######(###.....#....#...#
.#..⌠...>...⌠..#.....#........#
.#......<......#.#......#.....#
.+⌠....###....⌠ss#.....###....#
.#......ss.....#s##...........###
.#######h#######s##..#.).).#.....
.# ..hhhhwrs..#J##.##.._..##.###
.#......sh.....#@#...#.).).#.....
.#.............#.................
.###############.##....###....###
.............)...####...#........
..............................###
#####.#.#.#.#.###########..#..# #
#.#...#.#...# #.##..# #
#.#.#.#.#.#.# #.##..# #
#...........# #.##.##


You could see a jelly and 4 giant cockroaches.

Vanquished Creatures
  3 oozes (D:1)
  A leopard gecko (D:1)
  2 giant cockroaches (D:1)
  4 hobgoblins (D:1)
  4 jackals (D:1)
  4 kobolds (D:1)
  A ball python (D:1)
  A bat (D:1)
  2 goblins (D:1)
  2 rats (D:1)
24 creatures vanquished.

Notes
Turn   | Place    | Note
-------+----------+-------------------------------------------
     0 | D:1      | markt42 the Gargoyle Fighter began the quest for the Orb.
     0 | D:1      | Reached XP level 1. HP: 14/14 MP: 1/1
     1 | D:1      | Found a runed door.
     1 | D:1      | Noticed a jelly
    10 | D:1      | Found an iron altar of Okawaru.
    27 | D:1      | Became a worshipper of Warmaster Okawaru
   108 | D:1      | Reached XP level 2. HP: 17/19 MP: 2/2
   458 | D:1      | Reached XP level 3. HP: 7/23 MP: 3/3
  1029 | D:1      | Splashed by a jelly's acid

Action                   || total
-------------------------++-------
Melee: Flail             ||    83
Armor: Scale mail        ||    14
       Plate armour      ||    52
Dodge: Dodged            ||    20
Block: Shield            ||    40
